 Dungeon Crawl Stone Soup version 0.29-a0-266-gf56f883ddd (webtiles) character file.

Game seed: 6839300901167063299

53438 Rennog the Nimble (level 15, -2/118 HPs)
             Began as a Djinni Fire Elementalist on Mar 6, 2022.
             Was an Elder of Ashenzari.
             Slain by an eight-headed hydra (8 damage)
             ... on level 5 of the Lair of Beasts on Mar 7, 2022.
             The game lasted 01:07:15 (31528 turns).

Rennog the Nimble (Djinni Fire Elementalist)       Turns: 31528, Time: 01:07:16

Health: -2/118     AC: 13    Str: 25    XL:     15   Next: 10%
Gold:   1271       EV: 22    Int: 21    God:    Ashenzari [****..] SH: 16 Dex: 20

rFire   + + .      SeeInvis +   v - +1 falchion of Ashenzari's Stickiness {holy, Melee, Cun} (curse)
rCold   x . .      Faith    .   S - +0 kite shield "Urgency of Ashenzari" {Cun, Evo} (curse)
rNeg    + . .      Spirit   .   k - +3 ring mail of the Shackled Gnosis {Int+3, Evo, Self} (curse)
rPois   ∞          Reflect  +   L - +1 hat "Share My Seer" {Melee, Range} (curse)
rElec   .          Harm     .   q - +0 cloak "Pragmatism of Ashenzari" {Fort, Cun} (curse)
rCorr   .          Rampage  .   (no gloves)
Will    +....      Clarity  +   (boots unavailable)
Stlth   ++++......              a - amulet of reflection
HPRegen 0.29/turn               i - ring "Cursed Fetters" {Str+6, Self, Cun} (curse)
MPRegen 0.00/turn               B - ring of Fanomut {rN+ Str+6 Dex+6 Stlth-}

@: flying
A: sickness immunity, fire resistance 2, cold vulnerability 1, float, innate
caster, HP casting, extra vitality 1
a: Renounce Religion, Curse Item, Shatter the Chains


You were on level 5 of the Lair of Beasts.
You worshipped Ashenzari.
Ashenzari was greatly pleased with you.
You visited 4 branches of the dungeon, and saw 22 of its levels.
You also visited: Gauntlet.

You collected 1271 gold pieces.

Inventory:

Hand Weapons
 g - the +5 flail of Plunder {vorpal, Will+}
   (You found it in a Gauntlet)

   It inflicts extra damage upon your enemies.
   Will:      It increases your willpower.
 v - the cursed +1 falchion of Ashenzari's Stickiness (weapon) {holy, Melee, Cun}
   (You found it on level 4 of the Dungeon)

   It has been blessed by the Shining One to cause great damage to the undead
   and demons.
   It has a curse which improves the following skills: Melee Combat: Short
   Blades, Long Blades, Axes, Maces & Flails, Polearms, Staves and Unarmed
   Combat.
   Cunning:   Dodging and Stealth.
Armour
 k - the cursed +3 ring mail of the Shackled Gnosis (worn) {Int+3, Evo, Self}
   (You found it on level 2 of the Dungeon)

   Int:       It affects your intelligence (+3).
   It has a curse which improves the following skills: Evocations: Evocations.
   Introspection: Fighting and Spellcasting.
 l - the +0 chain mail of Coges {+Blink rC+ Int-2 SInv}
   (You found it in a Gauntlet)

   Int:       It affects your intelligence (-2).
   rC:        It protects you from cold.
   SInv:      It lets you see invisible.
   +Blink:    It lets you blink.
 q - the cursed +0 cloak "Pragmatism of Ashenzari" (worn) {Fort, Cun}
   (You found it on level 3 of the Dungeon)

   It has a curse which improves the following skills: Fortitude: Armour and
   Shields.
   Cunning:   Dodging and Stealth.
 L - the cursed +1 hat "Share My Seer" (worn) {Melee, Range}
   (You found it on level 9 of the Dungeon)

   It has a curse which improves the following skills: Melee Combat: Short
   Blades, Long Blades, Axes, Maces & Flails, Polearms, Staves and Unarmed
   Combat.
   Ranged Combat: Slings, Bows, Crossbows and Throwing.
 N - the +2 pair of gloves "Neus Udo" {rF- Int+4}
   (You found it on level 10 of the Dungeon)

   Int:       It affects your intelligence (+4).
   rF:        It makes you vulnerable to fire.
 S - the cursed +0 kite shield "Urgency of Ashenzari" (worn) {Cun, Evo}
   (You found it on level 13 of the Dungeon)

   It has a curse which improves the following skills: Cunning: Dodging and
   Stealth.
   Evocations: Evocations.
Jewellery
 a - an amulet of reflection (around neck)
 f - the ring of Edwokuv {rF+ rCorr Int+2 Dex+6}
   (You found it in a Gauntlet)

   [ring of dexterity]

   Int:       It affects your intelligence (+2).
   Dex:       It affects your dexterity (+6).
   rF:        It protects you from fire.
   rCorr:     It protects you from acid and corrosion.
 i - the cursed ring "Cursed Fetters" (left hand) {Str+6, Self, Cun}
   (You found it on level 2 of the Dungeon)

   [ring of strength]

   Str:       It affects your strength (+6).
   It has a curse which improves the following skills: Introspection: Fighting
   and Spellcasting.
   Cunning:   Dodging and Stealth.
 B - the ring of Fanomut (right hand) {rN+ Str+6 Dex+6 Stlth-}
   (You found it in a Gauntlet)

   [ring of strength]

   Str:       It affects your strength (+6).
   Dex:       It affects your dexterity (+6).
   rN:        It protects you from negative energy.
   Stlth:     It makes you less stealthy.
 W - a +6 ring of strength
 X - a ring of positive energy
 Y - a ring of resist corrosion
Wands
 c - a wand of digging (7)
 s - a wand of flame (31)
 w - a wand of paralysis (19)
 C - a wand of polymorph (11)
 F - a wand of mindburst (14)
 I - a wand of acid (8)
 J - a wand of charming (7)
 T - a wand of iceblast (11)
Scrolls
 b - 9 scrolls of teleportation
 d - 9 scrolls of fear
 h - 5 scrolls of enchant armour
 m - 2 scrolls of torment
 o - 6 scrolls of enchant weapon
 r - a scroll of noise
 y - 4 scrolls of vulnerability
 D - 5 scrolls of magic mapping
 E - 4 scrolls of blinking
 G - a scroll of summoning
 O - 2 scrolls of silence
 R - 2 scrolls of holy word
 Z - 2 scrolls of brand weapon
Potions
 e - 7 potions of curing
 j - a potion of heal wounds
 n - 2 potions of lignification
 p - 2 potions of haste
 t - a potion of brilliance
 u - 3 potions of attraction
 A - 2 potions of might
 H - 2 potions of degeneration
 M - 2 potions of invisibility
 Q - 2 potions of mutation
 U - 3 potions of cancellation
Miscellaneous
 x - a condenser vane
 P - a tin of tremorstones (2/2)
 V - a lightning rod (4/4)


   Skills:
 + Level 11.7(14.6) Fighting
 + Level 9.9(11.9) Armour
 + Level 13.0(17.7) Dodging
 + Level 9.2(13.9) Stealth
 + Level 4.9(6.8) Shields
 * Level 10.2(13.2) Spellcasting
 + Level 1.7(3.8) Evocations


You had 2 spell levels left.
You knew the following spells:

 Your Spells              Type           Power      Damage    Failure   Level
a - Foxfire               Conj/Fire      100%       2x1d9     1%          1
b - Scorch                Fire           100%       2d10      1%          2
c - Conjure Flame         Conj/Fire      62%        6-21      1%          3
d - Inner Flame           Hex/Fire       62%        N/A       1%          3
e - Flame Wave            Conj/Fire      62%        2d12      1%          4
f - Summon Small Mammal   Summ           100%       N/A       1%          1
g - Static Discharge      Conj/Air       62%        N/A       1%          2
h - Mephitic Cloud        Conj/Pois/Air  62%        N/A       1%          3
i - Summon Guardian Gole  Hex/Summ       62%        N/A       1%          3
j - Silence               Hex/Air        31%        N/A       1%          5
k - Agony                 Necr           62%        N/A       1%          5
l - Conjure Ball Lightni  Conj/Air       31%        3x3d10    12%         6
Your spell library was empty.

Dungeon Overview and Level Annotations

Branches:
Dungeon (14/15)            Temple (1/1) D:6            Lair (6/6) D:11
  Swamp (0/4) Lair:4        Snake (0/4) Lair:3        Slime (0/5) Lair:6
    Orc (1/2) D:11        Gauntlet (visited)
 Vaults: D:13-14

Altars:
Ashenzari
Cheibriados
Dithmenos
Elyvilon
Hepliaklqana
Kikubaaqudgha
Makhleb
Nemelex Xobeh
Okawaru
Qazlal
Sif Muna
Uskayaw
Vehumet
Wu Jian
Xom
Yredelemnul
Zin
Beogh
Jiyva

Shops:
D:4 (   D:13 *

Annotations:
D:11 Fannar
D:12 3 runed translucent doors, dolemite99's ghost, journeyman DsBe
D:14 Jorgrun; Kirke; Rupert
Lair:4 2 transporters
Lair:6 1 runed translucent door


Innate Abilities, Weirdness & Mutations

You are immune to sickness and miasma.
You are immune to poison.
Your flesh is very heat resistant. (rF++)
You are vulnerable to cold. (rC-)
You float through the air rather than walking.
You learn spells naturally, not from books.
Your magical power is your life essence.
You have superior vitality. (+4 MHP)


Message History

The fungus is lightly damaged.
The flame wave engulfs the plant.
The plant is lightly damaged.
The flame wave engulfs the eight-headed hydra!
The eight-headed hydra is severely wounded.
The eight-headed hydra bites you but does no damage.
You block the eight-headed hydra's attack. x2
The eight-headed hydra closely misses you.
The eight-headed hydra bites you but does no damage.
The eight-headed hydra misses you. The eight-headed hydra bites you.
The eight-headed hydra bites you but does no damage.
A wave of flame ripples out!
The flame wave engulfs the fungus!!
The fungus is moderately damaged.
The flame wave engulfs the plant!!
The plant is lightly damaged.
The flame wave engulfs the eight-headed hydra!
The eight-headed hydra is almost dead.
You finish channelling waves of flame.
The eight-headed hydra bites you but does no damage.
You block the eight-headed hydra's attack.
The eight-headed hydra misses you.
The eight-headed hydra bites you but does no damage.
The eight-headed hydra bites you!
* * * LOW HITPOINT WARNING * * *
The eight-headed hydra bites you!
* * * LOW HITPOINT WARNING * * *
The eight-headed hydra bites you!
* * * LOW HITPOINT WARNING * * *
The eight-headed hydra barely misses you.
The eight-headed hydra attacks as you move away!
You block the eight-headed hydra's attack.
The eight-headed hydra bites you but does no damage.
The eight-headed hydra misses you.
You block the eight-headed hydra's attack.
The eight-headed hydra bites you!
* * * LOW HITPOINT WARNING * * *
You block the eight-headed hydra's attack.
The eight-headed hydra completely misses you.
The eight-headed hydra bites you!
You die...

############# ####
##.########..## #####P.##
##.#.#...##PP..####.###...#
##.........@D....##.).......
###..............##..........
##..............####.........
##..............<.##..........
#####..............#P..........
###.#...............###..........
###..#...............#.#.........
##......P.#.........##...)......#
##....#######.....#.##..........#


You could see an eight-headed hydra.

Vanquished Creatures
  A minotaur (Gauntlet)
  A great orb of eyes (Gauntlet)
  A hydra (Lair:3)
  A hell beast (Gauntlet)
  4 two-headed ogres
  12 death yaks
  2 centaur warriors
  Nergalle (D:11)
  A wizard (D:11)
  A deep elf pyromancer (D:12)
  A manticore (D:11)
  4 ugly things
  2 black mambas
  3 elephants
  9 cane toads
  An unseen horror (D:13)
  A torpor snail (Lair:6)
  Maggie (D:6)
  Psyche (D:11)
  A kobold demonologist (D:10)
  A rime drake (Lair:5)
  An efreet (D:11)
  5 komodo dragons
  2 trolls
  4 polar bears
  2 hornets
  10 slime creatures
  20 blink frogs
  10 dream sheep
  A snapping turtle (Lair:6)
  Sigmund (D:2)
  5 wraiths
  8 wyverns
  Eustachio (D:6)
  A shadow (D:11)
  2 steam dragons
  5 basilisks
  6 vampire mosquitoes
  36 yaks
  A neqoxec (Gauntlet)
  3 chaos spawn (Gauntlet)
  2 acid dragons
  4 nagas (Lair:3)
  11 water moccasins
  A swamp drake (D:11)
  6 black bears
  3 sky beasts
  4 orc warriors
  2 ice beasts
  4 wolves (Lair:3)
  5 centaurs
  5 phantoms
  15 bullfrogs
  Blork the orc (D:5)
  2 necrophages
  3 gnoll sergeants
  2 scorpions
  11 killer bees
  8 electric eels
  5 howler monkeys
  A crimson imp (D:8)
  3 hounds
  2 jellies
  6 orc priests
  2 iguanas (D:6)
  13 orc wizards
  9 gnolls
  8 adders
  3 white imps
  3 ufetubi
  6 worms
  3 dart slugs
  35 orcs
  8 endoplasms
  5 giant cockroaches
  13 goblins
  17 hobgoblins
  7 jackals
  4 kobolds
  5 quokkas
  7 ball pythons
  7 bats
  6 frilled lizards
  9 rats
  A butterfly (Lair:6)
451 creatures vanquished.

Vanquished Creatures (collateral kills)
  14 foxfires
14 creatures vanquished.

Vanquished Creatures (others)
  A boulder beetle (D:13)
  A hydra (D:13)
  A two-headed ogre (D:9)
  A death yak (Lair:4)
  An ugly thing (D:12)
  3 yaks
  An orc priest (D:10)
  An orc (D:9)
  6 ball lightnings (Lair:6)
  1750 foxfires
  39 fungi
  51 plants
1856 creatures vanquished.

Grand Total: 2321 creatures vanquished

Notes
Turn   | Place    | Note
-------+----------+-------------------------------------------
     0 | D:1      | Rennog the Djinni Fire Elementalist began the quest for the
                  | Orb.
     0 | D:1      | Reached XP level 1. HP: 15/15 MP: 0/0
   448 | D:1      | Reached XP level 2. HP: 14/21 MP: 0/0
  1032 | D:1      | Reached XP level 3. HP: 19/25 MP: 0/0
  1032 | D:1      | Learned a level 1 spell: Summon Small Mammal
  1405 | D:1      | Found a faded altar of an unknown god.
  1970 | D:2      | Reached XP level 4. HP: 26/31 MP: 0/0
  2539 | D:2      | Identified the +3 ring mail of the Watchman {Int+3}
  2629 | D:2      | Noticed Sigmund
  2634 | D:2      | Killed Sigmund
  2635 | D:2      | Reached skill level 5 in Spellcasting
  2635 | D:2      | Reached XP level 5. HP: 21/35 MP: 0/0
  2635 | D:2      | Learned a level 2 spell: Static Discharge
  2635 | D:2      | Reached XP level 6. HP: 24/40 MP: 0/0
  3479 | D:3      | Reached skill level 1 in Fighting
  3582 | D:3      | Reached XP level 7. HP: 41/47 MP: 0/0
  3582 | D:3      | Learned a level 3 spell: Mephitic Cloud
  4208 | D:4      | Reached skill level 3 in Dodging
  4473 | D:4      | Reached skill level 4 in Dodging
  4473 | D:4      | Reached XP level 8. HP: 49/55 MP: 0/0
  5080 | D:4      | Found Nokuwimm's Antique Weapon Boutique.
  5572 | D:5      | Entered Level 5 of the Dungeon
  5871 | D:5      | Reached skill level 5 in Dodging
  6276 | D:5      | Noticed Blork the orc
  6288 | D:5      | Killed Blork the orc
  6707 | D:6      | Noticed Maggie
  6870 | D:6      | Reached XP level 9. HP: 55/63 MP: 0/0
  6870 | D:6      | Learned a level 3 spell: Summon Guardian Golem
  6877 | D:6      | Reached skill level 6 in Dodging
  7073 | D:6      | Reached skill level 5 in Fighting
  7153 | D:6      | Noticed Eustachio
  7303 | D:6      | Killed Eustachio
  7495 | D:6      | Found a staircase to the Ecumenical Temple.
  7552 | D:6      | Killed Maggie
  7565 | Temple   | Entered the Ecumenical Temple
  7835 | Temple   | Became a worshipper of Ashenzari the Shackled
  7951 | D:6      | Reached skill level 7 in Dodging
  8566 | D:7      | Found a glowing silver altar of Zin.
  8566 | D:7      | Noticed an angel
  8690 | D:7      | Reached XP level 10. HP: 70/73 MP: 0/0
  8692 | D:7      | Reached skill level 1 in Armour
  9366 | D:8      | Reached * piety under Ashenzari
  9404 | D:8      | Reached skill level 8 in Dodging
 10822 | D:9      | Reached XP level 11. HP: 50/80 MP: 0/0
 10822 | D:9      | Learned a level 5 spell: Silence
 11116 | D:9      | Reached skill level 9 in Dodging
 11453 | D:9      | Noticed a two-headed ogre
 11466 | D:9      | Killed a two-headed ogre
 11685 | D:9      | Reached skill level 5 in Armour
 11883 | D:9      | Reached skill level 5 in Stealth
 12233 | D:10     | Entered Level 10 of the Dungeon
 12438 | D:10     | Noticed a two-headed ogre
 12446 | D:10     | Killed a two-headed ogre
 12685 | D:10     | Identified the +2 pair of gloves "Neus Udo" {rF- Int+4}
 13058 | D:10     | Noticed a two-headed ogre
 13101 | D:10     | Killed a two-headed ogre
 13102 | D:10     | Reached skill level 10 in Dodging
 13353 | D:10     | Identified the Volume of Contamination
 13842 | D:11     | Noticed a two-headed ogre
 13851 | D:11     | Noticed a two-headed ogre
 13859 | D:11     | Killed a two-headed ogre
 13860 | D:11     | Reached XP level 12. HP: 80/89 MP: 0/0
 13864 | D:11     | Noticed a centaur warrior
 13958 | D:11     | Killed a centaur warrior
 13962 | D:11     | Noticed Fannar
 14940 | D:11     | Killed a two-headed ogre
 15369 | D:11     | Noticed Psyche
 15375 | D:11     | Killed Psyche
 15465 | D:11     | Found a staircase to the Orcish Mines.
 15905 | D:11     | Reached skill level 11 in Dodging
 16480 | D:11     | Found a staircase to the Lair.
 16957 | D:12     | Reached skill level 10 in Fighting
 17133 | D:12     | Found a runed translucent gate.
 17167 | D:12     | Found a runed translucent gate.
 17170 | D:12     | Found a runed translucent gate.
 17177 | D:12     | Noticed dolemite99's ghost (journeyman DsBe)
 18292 | D:12     | Noticed Nergalle
 18396 | Lair:1   | Entered Level 1 of the Lair of Beasts
 18436 | Lair:1   | Noticed a death yak
 18469 | Lair:1   | Noticed a death yak
 18494 | Lair:1   | Noticed a death yak
 18530 | Lair:1   | Noticed a death yak
 18550 | D:11     | Killed a death yak
 18551 | D:11     | Reached XP level 13. HP: 29/96 MP: 0/0
 18551 | D:11     | Learned a level 5 spell: Agony
 19030 | D:11     | Killed Nergalle
 19770 | D:13     | Noticed a boulder beetle
 19791 | D:13     | Killed a boulder beetle
 20004 | D:13     | Noticed a six-headed hydra
 20013 | D:13     | Killed a six-headed hydra
 20069 | D:13     | Reached ** piety under Ashenzari
 20070 | D:13     | Identified the +2 chain mail of Card Tricks {Rampage Str+5
                  | Int-5 Stlth+}
 20169 | D:13     | Noticed a centaur warrior
 20178 | D:13     | Killed a centaur warrior
 20692 | D:13     | Found Foyfem's Assorted Antiques.
 20962 | D:14     | Noticed Kirke
 20962 | D:14     | Noticed Jorgrun
 20962 | D:14     | Noticed a catoblepas
 20967 | D:14     | Noticed Rupert
 20967 | D:14     | Noticed a centaur warrior
 21379 | Orc:1    | Entered Level 1 of the Orcish Mines
 21881 | D:14     | Noticed an eight-headed hydra
 22029 | D:11     | Reached skill level 1 in Shields
 22728 | Lair:1   | Reached *** piety under Ashenzari
 22965 | Lair:1   | Reached skill level 12 in Dodging
 24433 | Lair:2   | Reached **** piety under Ashenzari
 24819 | Lair:3   | Noticed a seven-headed hydra
 24898 | Lair:3   | Killed a seven-headed hydra
 25228 | Lair:3   | Reached ***** piety under Ashenzari
 25298 | Lair:3   | Found a staircase to the Snake Pit.
 25313 | Lair:3   | Reached XP level 14. HP: 92/112 MP: 0/0
 25519 | Lair:3   | Identified the +8 chain mail "Caggedism" {Regen+ MP+9}
 26038 | Lair:4   | Found a transporter.
 26086 | Lair:4   | Found a transporter.
 26086 | Lair:4   | Found the necklace of Bloodlust {*Rage Will++ Int-3 Slay+6}
 26169 | Lair:4   | Found a staircase to the Swamp.
 27547 | Lair:5   | Identified the Catalogue of Combat Magic
 27594 | Lair:5   | Found a gate leading to a gauntlet.
 27603 | Gauntlet | Entered a Gauntlet
 27603 | Gauntlet | Found a transporter.
 27603 | Gauntlet | Found a transporter.
 27650 | Gauntlet | Found a transporter.
 27650 | Gauntlet | Found a transporter.
 27660 | Gauntlet | Identified the +2 helmet of Peloph {rElec Int+6}
 27662 | Gauntlet | Identified the +0 chain mail of Coges {+Blink rC+ Int-2
                  | SInv}
 27665 | Gauntlet | Found a transporter.
 27668 | Gauntlet | Identified the +1 pair of boots of the Six Artists {rCorr
                  | Int+3 Stlth+}
 27669 | Gauntlet | Identified the ring of Fanomut {rN+ Str+6 Dex+6 Stlth-}
 27670 | Gauntlet | Found a transporter.
 27670 | Gauntlet | Found a transporter.
 27671 | Gauntlet | Identified the +5 flail of Plunder {vorpal, Will+}
 27674 | Gauntlet | Found a transporter.
 27694 | Gauntlet | Found the +8 storm bow {elec, penet}
 27707 | Gauntlet | Identified the ring of Edwokuv {rF+ rCorr Int+2 Dex+6}
 27711 | Gauntlet | Found a transporter.
 27731 | Gauntlet | Found a transporter.
 27741 | Gauntlet | Found a transporter.
 27786 | Gauntlet | Found a transporter.
 27804 | Gauntlet | Found a transporter.
 27805 | Gauntlet | Found the +8 demon trident "Rift" {distort, reach+}
 27905 | Gauntlet | Found a transporter.
 27909 | Gauntlet | Identified the amulet "Nemmat" {Acrobat rC+ Slay+6 SInv}
 27919 | Gauntlet | Found a transporter.
 27932 | Gauntlet | Found a transporter.
 28566 | Gauntlet | Noticed a minotaur
 28587 | Gauntlet | HP: 2/112 [minotaur (16)]
 28592 | Gauntlet | Killed a minotaur
 29739 | Lair:5   | Reached skill level 10 in Spellcasting
 30468 | Lair:6   | Entered Level 6 of the Lair of Beasts
 30527 | Lair:6   | Found a runed translucent door.
 30527 | Lair:6   | Found a viscous altar of Jiyva.
 30527 | Lair:6   | Found a staircase to the Slime Pits.
 30527 | Lair:6   | Noticed an azure jelly
 30527 | Lair:6   | Noticed an azure jelly
 30533 | Lair:6   | Noticed an azure jelly
 30606 | Lair:6   | Reached skill level 1 in Evocations
 30990 | Lair:6   | Reached XP level 15. HP: 94/118 MP: 0/0
 30990 | Lair:6   | Learned a level 6 spell: Conjure Ball Lightning
 31465 | Lair:5   | Reached skill level 13 in Dodging
 31528 | Lair:5   | Slain by an eight-headed hydra

Illustrated notes

Levels and vault maps discovered:
D:1:      eino_arrival_druids_welcome, layout_basic, basic_ecumenical_altar,
          minmay_ruptured
D:2:      layout_basic, uniq_sigmund
D:3:      layout_rooms, minmay_misc_feat_rugged, guppyfry_early_orc_mine
D:4:      layout_layer_cave, serial_shops, kennysheep_mini_moat, minmay_bent
D:5:      layout_gridville, uniq_blork_the_orc
D:6:      layout_cave_pools, minmay_temple_entry_gardened_gates,
          minmay_misc_feat_ornament, uniq_eustachio, uniq_maggie
D:7:      layout_rooms, zin_angel, supply_closet_lemuel,
          hangedman_decor_clover_reticule
D:8:      layout_basic, minmay_fire_ice_demons
D:9:      kennysheep_blocky_hall, layout_loops_cross, kennysheep_generic_room_16
D:10:     layout_loops_ring, kennysheep_generic_room_2
D:11:     hangedman_cross_stitches, layout_basic, erik_lair_dragon,
          minmay_orc_entry_temple_small, uniq_psyche, uniq_fannar
D:12:     layout_basic, ebering_ghost_rock_garden, uniq_nergalle
D:13:     layout_roguey, serial_shops, shop, nicolae_straight_to_the_point
D:14:     layout_rooms, erik_vaults_2, grunt_decor_mini_mirrors, uniq_rupert,
          uniq_kirke, uniq_azrael, uniq_jorgrun
Temple:   minmay_crystal_snake_temple
Lair:1:   layout_cellular_growth, st_stairs_6, serial_bayou_pond_e,
          gammafunk_lair_bear_cave, serial_bayou_shore_a
Lair:2:   layout_big_grid, guppyfry_lair_drakes
Lair:3:   layout_big_grid, minmay_snake_entry_guardpost_small, serial_forest,
          infiniplex_forest_straight_4, infiniplex_forest_lined_3_way,
          infiniplex_forest_lined_corner, infiniplex_forest_pool,
          infiniplex_forest_end_double, chequers_serial_rivers_small_a,
          grunt_megastairs_2
Lair:4:   gammafunk_worm_tunnel, layout_misc_corridors, swamp_mist, basic_altar,
          st_stairs_7
Lair:5:   layout_cellular_growth, gauntlet_entry_generic
Lair:6:   gammafunk_lair_ancient_temple, layout_gridlike, slime_altar_2,
          chequers_serial_rivers_micro_b, lemuel_fruit_fields
Orc:1:    layout_caves, hellmonk_ghost_happy_afterlife

Skill      XL: |  1  2  3  4  5  6  7  8  9 10 11 12 13 14 15 |
---------------+----------------------------------------------+-----
Spellcasting   | 3 5 6 7 8 9 10 | 10.2
Fighting       | 1 2 4 6 7 9 10 11 | 11.7
Dodging        | 4 5 7 8 10 11 12 13 | 13.0
Armour         | 4 6 7 9 |  9.9
Stealth        | 4 6 7 8 9 |  9.2
Shields        | 2 4 |  4.9
Evocations     | 1 |  1.7

Action                   |  1- 3 |  4- 6 |  7- 9 | 10-12 | 13-15 || total
-------------------------+-------+-------+-------+-------+-------++-------
Melee: Unarmed           |     1 |       |       |       |       ||     1
       Scythe            |       |    19 |    10 |     6 |     1 ||    36
       Falchion          |       |       |       |       |     7 ||     7
 Cast: Foxfire           |    90 |    37 |   207 |   289 |   387 ||  1010
       Scorch            |       |    30 |    51 |   258 |   222 ||   561
       Static Discharge  |       |       |     5 |    12 |     1 ||    18
       Mephitic Cloud    |       |       |     2 |     4 |     9 ||    15
       Summon Guardian G |       |       |     4 |    37 |    12 ||    53
       Flame Wave        |       |       |     1 |     4 |    58 ||    63
       Inner Flame       |       |       |       |     5 |     2 ||     7
       Conjure Flame     |       |       |       |     1 |       ||     1
       Agony             |       |       |       |       |    18 ||    18
       Conjure Ball Ligh |       |       |       |       |     2 ||     2
Invok: Curse Item        |       |       |     1 |     2 |     6 ||     9
       Shatter the Chain |       |       |       |     1 |     2 ||     3
  Use: Potion            |       |       |       |     1 |     5 ||     6
       Scroll            |       |       |       |       |     6 ||     6
 Stab: Sleeping          |       |     1 |       |     1 |       ||     2
       Invisible         |       |       |       |       |     1 ||     1
Armor: Ring mail         |       |     3 |    14 |    33 |    82 ||   132
Dodge: Dodged            |     4 |    11 |    26 |   109 |   188 ||   338
Block: Kite shield       |       |       |       |       |   186 ||   186

Table legend: (Time is in decaauts)
 A = Elapsed time spent in this place.
 B = Non-inter-level travel time spent in this place.
 C = Inter-level travel time spent in this place.
 D = Time resting spent in this place.
 E = Time spent auto-exploring this place.
 F = Levels seen in this place.
 G = Mean time per level.
                   A        B        C        D        E       F      G
               +--------+--------+--------+--------+--------+-----+--------+
         Total |  31606 |  29528 |   2078 |   4128 |  21237 |  23 | 1374.2 |
       Dungeon |  22262 |  20701 |   1561 |   2523 |  15477 |  14 | 1590.1 |
        Temple |    335 |    266 |     69 |    171 |     74 |   1 |  335.0 |
          Lair |   7684 |   7238 |    446 |    864 |   5329 |   6 | 1280.7 |
  Orcish Mines |      1 |      1 |      0 |      0 |      0 |   1 |    1.0 |
      Gauntlet |   1323 |   1323 |      0 |    570 |    357 |   1 | 1323.0 |
               +--------+--------+--------+--------+--------+-----+--------+

Top non-repeatable levels by time:
    D:11: 4750 daAuts
    D:10: 2420 daAuts
     D:9: 2340 daAuts
     D:1: 1949 daAuts
  Lair:3: 1645 daAuts
     D:4: 1590 daAuts
  Lair:4: 1574 daAuts
  Lair:5: 1545 daAuts
    D:13: 1387 daAuts
    D:12: 1357 daAuts
Gauntlet: 1323 daAuts
     D:8: 1284 daAuts
  Lair:1: 1253 daAuts
     D:2: 1243 daAuts
     D:6: 1184 daAuts
